 Dungeon Crawl Stone Soup version 0.29-a0-653-gd47aff6735 (webtiles) character file.

Game seed: 12067517717340373170

25 zeratav the Shooter (level 2, 0/14 HPs)
             Began as a Spriggan Arcane Marksman on June 21, 2022.
             Succumbed to an adder's poison
             ... on level 2 of the Dungeon.
             The game lasted 00:00:45 (974 turns).

zeratav the Shooter (Spriggan Arcane Marksman)       Turns: 974, Time: 00:00:46

Health: 0/14       AC:  2    Str:  6    XL:     2   Next: 82%
Magic:  5/5        EV: 17    Int: 14    God:
Gold:   56         SH:  0    Dex: 15    Spells: 2/3 levels left

rFire   . . .      SeeInvis +   a - +0 shortbow {bow}
rCold   . . .      Faith    .   (shield currently unavailable)
rNeg    . . .      Spirit   .   b - +0 robe
rPois   .          Reflect  .   (helmet restricted)
rElec   .          Harm     .   (no cloak)
rCorr   .          Rampage  .   (gloves unavailable)
Will    .....                   (boots unavailable)
Stlth   +.........              (no amulet)
HPRegen 0.04/turn               (no ring)
MPRegen 0.09/turn               (no ring)

@: lethally poisoned (0 -> -7), very quick
A: very small, no large weapons, unfitting armour, see invisible, speed 3
a: no special abilities


You were on level 2 of the Dungeon.
You visited 1 branch of the dungeon, and saw 2 of its levels.

You collected 56 gold pieces.


Innate Abilities, Weirdness & Mutations

You are very small and have problems with some larger weapons.
You are too small for most types of armour.
You have supernaturally acute eyesight. (SInv)
You cover ground extremely quickly. (Speed+++)


   Skills:
 - Level 0.7 Fighting
 + Level 4.2 Bows
 - Level 2.6 Dodging
 - Level 1.3 Spellcasting
 - Level 3.6 Hexes


You had 2 spell levels left.
You knew the following spells:

 Your Spells              Type           Power      Damage    Failure   Level
a - Slow                  Hex            44%        N/A       6%          1

Your spell library contained the following spells:

 Spells                   Type           Power      Damage    Failure   Level
 Summon Small Mammal      Summ           0%         N/A       26%         1
 Inner Flame              Hex/Fire       6%         N/A       36%         3
 Portal Projectile        Hex/Tloc       12%        N/A       36%         3
 Summon Guardian Golem    Hex/Summ       6%         N/A       36%         3
 Cause Fear               Hex            5%         N/A       50%         4
 Call Canine Familiar     Summ           0%         N/A       58%         3

Inventory:

Hand Weapons
 a - a +0 shortbow (weapon) {bow}
Armour
 b - a +0 robe (worn)
Scrolls
 c - a scroll of vulnerability {!r!r}
 e - a scroll of identify {unknown}
 f - a scroll of teleportation {unknown}
Potions
 d - a potion of curing {unknown}
 g - a potion of magic {unknown}

Dungeon Overview and Level Annotations

Branches:
Dungeon (2/15) Zot: 11290

Altars:

##.#.# .....# ..>
###..#.# #.. ......#
.#... ###.##.#
.....##......# ......
#...)# ......###.##.#
..........##@#
#...........###.#
#...........# #.####
#....>.....####.S.(...#
#...#..#.#.#....#####.#
#..)#.##.#...##.#
#...#.##†..####.#
#..##.##...## #.#
#...........# #.#


You could see an adder.


Message History

A ball python is nearby!
You shoot an arrow. The arrow hits the ball python!
You kill the ball python!
A goblin comes into view. It is wielding a +0 club.
You have reached level 2!
HP[+5] MP[+2]
You now have 14 max hp (+5).
Your hp is fully restored (14).
Your mp is fully restored (5).
You shoot an arrow. The arrow closely misses the goblin.
The goblin shouts!
You shoot an arrow. The arrow hits the goblin!
You kill the goblin!
No target in view!
No target in view!
A dart slug comes into view.
Things that are here:
a +0 club {mace}; a goblin corpse A dart slug is nearby!
You shoot an arrow. The arrow hits the dart slug.
You shoot an arrow. The arrow hits the dart slug!
You kill the dart slug!
No target in view!
No target in view!
Things that are here:
a +0 club {mace}; a goblin corpse
g - an orange potion
Found an escape hatch in the floor.
A goblin comes into view. It is wielding a +0 club.
A goblin is nearby!
You shoot an arrow. The arrow hits the goblin!
You kill the goblin!
No target in view!
No target in view!
An adder comes into view.
You shoot an arrow. The arrow hits the adder!
The adder hisses angrily.
You shoot an arrow. The arrow closely misses the adder.
You shoot an arrow. The arrow completely misses the adder.
You shoot an arrow. The arrow closely misses the adder.
The adder closely misses you.
You shoot an arrow. The arrow hits the adder.
You kill the adder!
Your Bows skill increases to level 4!
Found a stone staircase leading down.
A goblin comes into view. It is wielding a +0 club.
You shoot an arrow. The arrow hits the goblin!
You kill the goblin!
No target in view!
No target in view!
Things that are here:
a +0 club {mace}; a goblin corpse No target in view!
An adder comes into view.
You see here 6 gold pieces.
An adder is nearby!
You now have 56 gold pieces (gained 6).
You shoot an arrow.
The arrow hits the adder but does no damage.
The adder hisses angrily.
You shoot an arrow. The arrow barely misses the adder.
You shoot an arrow. The arrow hits the adder.
You shoot an arrow. The arrow misses the adder.
The adder barely misses you. The adder bites you.
You are poisoned.
The adder poisons you!
HP[-2]
You take 2 damage, and now have 12/14 hp.
You shoot an arrow. The arrow misses the adder.
You feel sick. The adder barely misses you.
HP[-2]
You take 2 damage, and now have 10/14 hp.
You are too injured to fight recklessly!
You are too injured to fight recklessly!
You are too injured to fight recklessly!
Shoot: a) +0 shortbow {bow}
Press: ? - help, Q - select action, (/) - cycle Shift-Dir - straight line, f/p - adder
Aim: an adder (lightly wounded, 42% to hit)
You shoot an arrow. The arrow hits the adder.
You feel sick. The adder bites you.
* * * LOW HITPOINT WARNING * * *
The adder misses you.
HP[-5]
You take 5 damage, and now have 5/14 hp.
MASSIVE DAMAGE!! (PAUSE) Shoot: a) +0 shortbow {bow}
Press: ? - help, Q - select action, (/) - cycle Shift-Dir - straight line, f/p - adder
Aim: an adder (moderately wounded, 42% to hit)
You shoot an arrow. The arrow hits the adder.
You feel sick. The adder bites you.
* * * LOW HITPOINT WARNING * * *
You are lethally poisoned!
The adder poisons you! The adder misses you.
HP[-3]
You take 3 damage, and now have 2/14 hp.
MASSIVE DAMAGE!! (PAUSE)
* * * LOW HITPOINT WARNING * * *
You feel sick.
HP[-1]
You take 1 damage, and now have 1/14 hp.
You die...

Skill      XL: |  1  2 |
---------------+-------+-----
Bows           | 3 4 |  4.2
Fighting       | |  0.7
Dodging        | |  2.6
Spellcasting   | |  1.3
Hexes          | |  3.6

Action                   || total
-------------------------++-------
 Fire: Shortbow          ||    37
 Cast: Slow              ||     1
Dodge: Dodged            ||     5

Levels and vault maps discovered:
D:1:      dpeg_arrival_tiny_d, layout_basic
D:2:      layout_rooms, basic_altar, shapermc_ecumenical_altar_venn,
          roderic_lattice_a

Notes
Turn   | Place    | Note
-------+----------+-------------------------------------------
     0 | D:1      | zeratav the Spriggan Arcane Marksman began the quest for
                  | the Orb.
     0 | D:1      | Reached XP level 1. HP: 9/9 MP: 3/3
     0 | D:1      | magus.rc [v1.9.6]
    99 | D:1      | HP: 1/9 [goblin/+1 dagger of speed (2)]
   556 | D:1      | Reached skill level 3 in Bows
   698 | D:1      | You pick up a book of Callings and begin reading...
   698 | D:1      | You add the spells Summon Small Mammal, Call Canine
                  | Familiar and Summon Guardian Golem to your library.
   895 | D:2      | Reached XP level 2. HP: 14/14 MP: 5/5
   944 | D:2      | Reached skill level 4 in Bows
   972 | D:2      | HP: 2/14 [adder (2)]
   974 | D:2      | Succumbed to an adder's poison

Vanquished Creatures
  An adder (D:2)
  A dart slug (D:2)
  A bat (D:1)
  A giant cockroach (D:1)
  4 goblins
  A quokka (D:1)
  2 ball pythons
  2 rats (D:1)
13 creatures vanquished.

Table legend:
 A = Non-vault XP
 B = Vault XP
 C = Vault XP percentage of total XP
 D = Non-vault monster count
 E = Vault monster count
 F = Vault count percentage of total count
                 A         B        C        D         E       F
            +---------+---------+-------+---------+---------+-------
      Total |      36 |       0 |   0.0 |      13 |       0 |   0.0
            +---------+---------+-------+---------+---------+-------
        D:1 |      11 |       0 |   0.0 |       7 |       0 |   0.0
        D:2 |      25 |       0 |   0.0 |       6 |       0 |   0.0
            +---------+---------+-------+---------+---------+-------

Illustrated notes

Table legend:
 A = Kills in this place as a percentage of kills in entire the game.
 B = Kills by you in this place as a percentage of kills by you in the entire game.
 C = Kills by friends in this place as a percentage of kills by friends in the entire game.
 D = Other kills in this place as a percentage of other kills in the entire game.
 E = Experience gained in this place as a percentage of experience gained in the entire game.
 F = Experience gained in this place divided by the number of levels of this place that you have seen.
                   A       B       C       D       E      F
               +-------+-------+-------+-------+-------+----------------------
         Total | 100.0 | 100.0 |   N/A |   N/A | 100.0 |  18.0
       Dungeon | 100.0 | 100.0 |   N/A |   N/A | 100.0 |  18.0
               +-------+-------+-------+-------+-------+----------------------

Table legend: (Time is in decaauts)
 A = Elapsed time spent in this place.
 B = Non-inter-level travel time spent in this place.
 C = Inter-level travel time spent in this place.
 D = Time resting spent in this place.
 E = Time spent auto-exploring this place.
 F = Levels seen in this place.
 G = Mean time per level.
                   A        B        C        D        E       F      G
               +--------+--------+--------+--------+--------+-----+--------+
         Total |    709 |    690 |     19 |      0 |    613 |   2 |  354.5 |
       Dungeon |    709 |    690 |     19 |      0 |    613 |   2 |  354.5 |
               +--------+--------+--------+--------+--------+-----+--------+

Top non-repeatable levels by time:
     D:1: 646 daAuts
     D:2: 63 daAuts
